 Dungeon Crawl Stone Soup version 0.26-a0-291-g3d11bbfad5 (webtiles) character file.

Game seed: 9644440678852707154

39825 Infinimo the Geomancer (level 14, -2/124 HPs)
             Began as a Hill Orc Earth Elementalist on July 14, 2020.
             Was an Initiate of Gozag.
             Slain by a komodo dragon (19 damage)
             ... summoned by a boggart
             ... on level 6 of the Lair of Beasts.
             The game lasted 00:41:12 (29261 turns).

Infinimo the Geomancer (HOEE)                      Turns: 29261, Time: 00:41:13

Health: -2/124     AC: 10    Str: 14    XL:     14   Next: 8%
Magic:  19/25      EV: 11    Int: 28    God:    Gozag
Gold:   939        SH:  2    Dex:  6    Spells: 19/28 levels left

rFire    + . .     SeeInvis +   e - +0 long sword of the Modern Prophets {speed, rF+}
rCold    + + .     Faith    .   H - +0 buckler {rC+}
rNeg     + . .     Spirit   .   b - +2 robe {Archmagi}
rPois    .         Reflect  .   G - +1 helmet {Int+3}
rElec    +         Harm     .   s - +1 cloak
rCorr    .                      a - +0 pair of gloves "Xedisist" {+Inv Str+2}
MR       +....                  P - +0 pair of boots {Fly}
Stlth    +.........             d - amulet of Starshine {RegenMP rC+ Dex-5 SInv}
HPRegen  0.30/turn              E - +6 ring of intelligence
MPRegen  0.44/turn              Q - ring "Ifadam" {rElec rN+}

@: flying, invisible
A: no striking features
a: Potion Petition, Call Merchant, Bribe Branch, Renounce Religion, Stop Flying


You were on level 6 of the Lair of Beasts.
You worshipped Gozag.
Gozag was pleased with you.
You visited 3 branches of the dungeon, and saw 18 of its levels.

You collected 4465 gold pieces.
You spent 1995 gold pieces at shops.
You paid 1531 gold pieces to Gozag.

Inventory:

Hand Weapons
 e - the +0 long sword of the Modern Prophets (weapon) {speed, rF+}
   (You found it on level 11 of the Dungeon)

   Attacks with this weapon are significantly faster.
   It protects you from fire.
Missiles
 w - 26 stones (quivered)
Armour
 a - the +0 pair of gloves "Xedisist" (worn) {+Inv Str+2}
   (You found it on level 8 of the Dungeon)

   It affects your strength (+2).
   It lets you turn invisible.
 b - a +2 robe of the Archmagi (worn)
 s - a +1 cloak (worn)
 G - a +1 helmet of intelligence (worn)
 H - a +0 buckler of cold resistance (worn)
 P - a +0 pair of boots of flying (worn)
Magical Staves
 l - an uncursed staff of conjuration
Jewellery
 d - the amulet of Starshine (around neck) {RegenMP rC+ Dex-5 SInv}
   (You bought it in a shop on level 6 of the Lair of Beasts)

   [amulet of magic regeneration]

   It increases your magic regeneration.
   It affects your dexterity (-5).
   It protects you from cold.
   It lets you see invisible.
 E - a +6 ring of intelligence (left hand)
 J - an uncursed ring of protection from fire
 L - an uncursed ring of magical power
 Q - the ring "Ifadam" (right hand) {rElec rN+}
   (You bought it in a shop on level 6 of the Lair of Beasts)

   [ring of positive energy]

   It insulates you from electricity.
   It protects you from negative energy.
Wands
 C - a wand of acid (4)
Scrolls
 c - 8 scrolls of immolation
 i - 12 scrolls of identify
 k - 5 scrolls of remove curse
 m - 10 scrolls of teleportation
 p - 2 scrolls of enchant armour
 r - a scroll of magic mapping
 B - 9 scrolls of amnesia
 D - a scroll of enchant weapon
 F - a scroll of vulnerability
 M - 2 scrolls of brand weapon
 N - a scroll of blinking
 O - a scroll of fear
Potions
 g - 3 potions of cancellation
 h - 6 potions of flight
 j - 9 potions of curing
 n - 2 potions of lignification
 o - 2 potions of might
 q - 3 potions of ambrosia
 t - 2 potions of resistance
 u - 3 potions of haste
 v - 2 potions of mutation
 x - a potion of brilliance
 A - 2 potions of stabbing


   Skills:
 + Level 11.6 Fighting
 - Level 1.5 Dodging
 - Level 1.5 Stealth
 + Level 7.8 Spellcasting
 * Level 13.4 Conjurations
   Level 0.6 Transmutations
 * Level 13.9 Earth Magic


You had 19 spell levels left.
You knew the following spells:

 Your Spells              Type           Power        Failure   Level
a - Sandblast             Erth           ######       1%          1
b - Stone Arrow           Conj/Erth      ######       1%          3
c - Lee's Rapid Deconstr  Erth           #######...   1%          5

Your spell library contained the following spells:

 Spells                   Type           Power        Failure   Level
 Passwall                 Tmut/Erth      ######..     1%          2
 Petrify                  Tmut/Erth      ######..     4%          4
 Beastly Appendage        Tmut           ###...       7%          1
 Sticks to Snakes         Tmut           ###.....     10%         2
 Spider Form              Tmut/Pois      ###.......   22%         3
 Confusing Touch          Hex            ###.....     26%         3
 Gell's Gravitas          Tloc           ###.......   26%         3
 Ice Form                 Ice/Tmut       ###.....     58%         4
 Blade Hands              Tmut           ###.......   88%         5
 Yara's Violent Unravell  Hex/Tmut       ###.......   90%         5
 Metabolic Englaciation   Hex/Ice        ###.......   93%         5


Dungeon Overview and Level Annotations

Branches:
Dungeon (11/15)            Temple (1/1) D:4            Lair (6/6) D:11
 Shoals (0/4) Lair:2       Spider (0/4) Lair:4        Slime (0/5) Lair:6
    Orc: D:9-12

Altars:
Ashenzari
Cheibriados
Dithmenos
Elyvilon
Fedhas
Gozag
Hepliaklqana
Kikubaaqudgha
Makhleb
Nemelex Xobeh
Okawaru
Qazlal
Ru
Sif Muna
Trog
Uskayaw
Vehumet
Wu Jian
Xom
Yredelemnul
Zin
The Shining One

Shops:
D:4 (   D:6 (   D:8 [   Lair:6 =

Portals:
Trove: D:11 (give 19 potions of curing)

Annotations:
Lair:5 1 runed translucent door, Naelfen's ghost, journeyman TeAE


Message History

The boggart blinks!
You destroy the fungus!
The wolf bites you! The komodo dragon bites you!!
* * * LOW HITPOINT WARNING * * *
Casting: Stone Arrow (safe; 1% risk of failure)
Confirm with . or Enter, or press ? or * to list all spells.
Aiming: Stone Arrow (safe; 1% risk of failure)
Press: ? - help, Shift-Dir - straight line, f - komodo dragon, p - boggart
Aim: a komodo dragon (heavily wounded, summoned)
Okay, then.
Okay, then.
Okay, then.
Okay, then.
Okay, then.
You fade into invisibility!
The wolf bites you!
* * * LOW HITPOINT WARNING * * *
You riposte.
The komodo dragon bites you!!
You die...
Your body crumbles into a pile of gold.

#......>...............♣ ♣♣...
..$#.......#.......#...♣ ♣♣....
................##.....♣ ♣♣♣...♣♣
...............g#.#..♣♣*♣♣..♣♣♣♣♣
......#.#.........#..♣ ♣♣.♣♣♣
.#...............#...♣♣♣.♣♣
**,,,,,,,,,,,,,..§...♣♣.♣♣
*,,,*,,,,,$,,,,#.l...♣♣.♣♣
*,**,,**,,*,*,*#@h#.♣*♣..♣ ♣♣♣♣
**********,****##h.#* ♣♣.♣♣♣♣♣...
*** #.h♣♣ ♣♣.♣♣...♣♣ ##.♣
♣♣..♣♣♣♣ #.♣ ♣♣♣♣♣..♣♣
#.♣♣♣.....♣♣♣♣♣ ♣
#....♣♣♣♣.....♣♣♣ #.♣♣♣♣
♣♣♣♣♣.... ♣♣♣ ♣♣♣♣♣


You could see a komodo dragon (summoned), 3 wolves and a boggart (invisible).

Vanquished Creatures
  3 hydras
  Erica (D:10)
  A two-headed ogre (D:8)
  Urug (D:11)
  Nergalle (D:11)
  The ghost of Infinimo the Digger, a novice HOEE of Gozag (D:7)
  An ugly thing (D:11)
  6 elephants
  A centaur zombie (D:11)
  9 cane toads
  7 black mambas
  A centaur skeleton (D:10)
  2 merfolk sirens (Lair:2)
  A gargoyle (D:11)
  4 komodo dragons
  4 polar bears
  Prince Ribbit (D:6)
  6 hornets
  10 blink frogs
  4 dream sheep (Lair:4)
  10 hippogriffs
  Sigmund (D:3)
  A shadow (D:11)
  10 spriggans (Lair:6)
  2 basilisks
  2 wraiths (D:11)
  6 wyverns
  17 yaks
  Edmund (D:4)
  Duvessa (D:5)
  20 water moccasins
  5 porcupines
  7 orc warriors
  6 black bears
  2 sky beasts
  4 ice beasts
  3 phantoms
  9 ogres
  A necrophage (D:9)
  22 wolves
  3 boggarts
  7 centaurs
  8 crocodiles
  12 bullfrogs
  4 gnoll sergeants (D:8)
  Dowan (D:5)
  A water moccasin zombie (D:9)
  A wyvern skeleton (D:11)
  A water moccasin skeleton (D:10)
  A scorpion (D:6)
  9 killer bees
  2 howler monkeys (D:6)
  3 electric eels
  A bullfrog zombie (D:7)
  2 quasits
  10 hounds
  4 jellies
  3 gnoll shamans
  9 orc priests
  10 orc wizards
  2 iguanas
  Jessica (D:3)
  7 worker ants
  Natasha (twice) (D:3)
  A hound zombie (D:5)
  2 hound skeletons
  2 worker ant zombies
  32 gnolls
  9 adders
  A howler monkey skeleton (D:5)
  A shadow imp (D:5)
  3 white imps
  2 ufetubi
  5 oozes
  4 worms
  5 dart slugs
  3 leopard geckos
  23 orcs
  13 giant cockroaches
  9 hobgoblins
  21 jackals
  3 quokkas
  A ball python (D:5)
  9 bats
  11 frilled lizards
  A giant cockroach zombie (D:5)
  9 goblins
  A jackal skeleton (D:5)
  8 kobolds
  A leopard gecko zombie (D:9)
  A quokka skeleton (D:7)
  2 quokka zombies
  6 rats
  A fungus (Lair:6)
489 creatures vanquished.

Vanquished Creatures (others)
  5 dream sheep (D:8)
  16 fungi
  13 plants
34 creatures vanquished.

Grand Total: 523 creatures vanquished

Notes
Turn   | Place    | Note
-------+----------+-------------------------------------------
     0 | D:1      | Infinimo the Hill Orc Earth Elementalist began the quest
                  | for the Orb.
     0 | D:1      | Reached XP level 1. HP: 14/14 MP: 3/3
   186 | D:1      | Reached XP level 2. HP: 8/22 MP: 2/4
   442 | D:1      | Reached skill level 1 in Fighting
  1250 | D:1      | Reached XP level 3. HP: 28/28 MP: 3/5
  2270 | D:2      | Learned a level 3 spell: Stone Arrow
  2501 | D:2      | Reached XP level 4. HP: 33/36 MP: 7/7
  3026 | D:3      | Reached skill level 1 in Conjurations
  3297 | D:3      | Noticed Sigmund
  3339 | D:3      | Killed Sigmund
  3339 | D:3      | Reached XP level 5. HP: 15/42 MP: 0/8
  3339 | D:3      | Reached XP level 6. HP: 18/50 MP: 0/9
  3559 | D:3      | Noticed Jessica
  3565 | D:3      | Killed Jessica
  3632 | D:3      | Noticed Natasha
  3637 | D:3      | Killed Natasha
  3637 | D:3      | Reached skill level 5 in Earth Magic
  3769 | D:3      | Noticed Natasha
  3774 | D:3      | Killed Natasha
  4098 | D:4      | Noticed a water moccasin
  4110 | D:3      | Killed a water moccasin
  4110 | D:3      | Reached XP level 7. HP: 43/57 MP: 3/11
  4356 | D:4      | Noticed Edmund
  4358 | D:4      | Found a staircase to the Ecumenical Temple.
  4367 | Temple   | Entered the Ecumenical Temple
  4496 | Temple   | Became a worshipper of Gozag Ym Sagoz the Greedy
  4537 | D:4      | Killed Edmund
  4817 | D:4      | Found Ory Ypuf's Antique Weapon Shop.
  4919 | D:4      | Reached XP level 8. HP: 66/66 MP: 9/12
  5349 | D:4      | Bought a warped dagger for 189 gold pieces
  5385 | D:5      | Entered Level 5 of the Dungeon
  5397 | D:5      | Found a blossoming altar of Fedhas.
  5762 | D:5      | Reached skill level 5 in Conjurations
  6219 | D:5      | Noticed Duvessa
  6219 | D:5      | Noticed Dowan
  6595 | D:5      | Killed Duvessa
  6595 | D:5      | Reached skill level 5 in Fighting
  6603 | D:5      | Killed Dowan
  6996 | D:5      | Identified the cursed +2 dagger "Giantbane" {vamp, Int+7}
                  | (You bought it in a shop on level 4 of the Dungeon)
  7069 | D:6      | Reached XP level 9. HP: 63/74 MP: 14/14
  7589 | D:6      | Noticed Prince Ribbit
  7592 | D:6      | Killed Prince Ribbit
  8277 | D:6      | Found Urumeavefai's Weapon Shop.
  9348 | D:7      | Found a runed translucent gate.
  9348 | D:7      | Found a runed translucent gate.
  9348 | D:7      | Found a runed translucent gate.
  9349 | D:7      | Noticed a hornet
  9352 | D:7      | Noticed Infinimo's ghost (novice HOEE)
  9848 | D:6      | Reached XP level 10. HP: 71/84 MP: 11/16
 11105 | D:7      | Paralysed by a hornet for 3 turns
 11118 | D:7      | Killed Infinimo's ghost
 11396 | D:8      | Noticed a two-headed ogre
 11400 | D:8      | Killed a two-headed ogre
 11400 | D:8      | Reached skill level 5 in Spellcasting
 11433 | D:7      | Learned a level 5 spell: Lee's Rapid Deconstruction
 11974 | D:8      | Reached skill level 10 in Earth Magic
 12470 | D:8      | Paralysed by a gnoll shaman for 3 turns
 12612 | D:8      | Reached XP level 11. HP: 89/94 MP: 15/18
 12963 | D:8      | Found a shimmering altar of Xom.
 13079 | D:8      | Found a basalt altar of Yredelemnul.
 13080 | D:8      | Found an ornate altar of the Wu Jian Council.
 13080 | D:8      | Found an iron altar of Okawaru.
 13080 | D:8      | Found a glowing silver altar of Zin.
 13081 | D:8      | Found a shimmering blue altar of Sif Muna.
 13421 | D:8      | Bought a +0 helmet of intelligence for 161 gold pieces
 13421 | D:8      | Bought a +0 buckler of cold resistance for 161 gold pieces
 13421 | D:8      | Bought the +2 leather armour of Submission {rElec Int+4}
                  | for 481 gold pieces
 13471 | D:8      | Got a pair of twisted gloves
 13482 | D:8      | Identified the +0 pair of gloves "Xedisist" {+Inv Str+2}
                  | (You found it on level 8 of the Dungeon)
 13793 | D:9      | You fall into a shaft and drop 1 floor!
 13793 | D:10     | Entered Level 10 of the Dungeon
 14703 | D:10     | Noticed Erica
 14711 | D:10     | Killed Erica
 15053 | D:9      | Found a shattered altar of Ashenzari.
 15286 | D:9      | Reached skill level 10 in Conjurations
 15758 | D:11     | HP: 1/95 [gargoyle/stone arrow (20)]
 16060 | D:11     | Noticed Urug
 16069 | D:11     | Killed Urug
 16219 | D:11     | Noticed a six-headed hydra
 16802 | D:11     | Killed a six-headed hydra
 17222 | D:11     | Noticed Nergalle
 17232 | D:11     | Killed Nergalle
 17259 | D:11     | Reached XP level 12. HP: 53/104 MP: 13/21
 17492 | D:11     | Identified the +4 long sword of the Sage {speed, +Fly rC+
                  | Str+3}
 17594 | D:11     | Got a bone long sword
 17595 | D:11     | Identified the +0 long sword of the Modern Prophets {speed,
                  | rF+} (You found it on level 11 of the Dungeon)
 17656 | D:11     | Found a portal to a secret trove of treasure.
 18462 | D:11     | Found a staircase to the Lair.
 18677 | Lair:1   | Entered Level 1 of the Lair of Beasts
 18871 | Lair:1   | Noticed a four-headed hydra
 18878 | Lair:1   | Killed a four-headed hydra
 20888 | Lair:2   | Reached skill level 10 in Fighting
 21231 | Lair:2   | Found a staircase to the Shoals.
 22198 | Lair:3   | Reached XP level 13. HP: 114/114 MP: 18/23
 24431 | Lair:4   | Found a hole to the Spider Nest.
 25333 | Lair:5   | Found a runed translucent door.
 25335 | Lair:5   | Noticed Naelfen's ghost (journeyman TeAE)
 25337 | Lair:5   | Identified the +8 spear of the Destroying Pariah {holy,
                  | Int+2}
 25532 | Lair:6   | Entered Level 6 of the Lair of Beasts
 27281 | Lair:6   | Found a staircase to the Slime Pits.
 27653 | Lair:6   | Bought the amulet of Starshine {RegenMP rC+ Dex-5 SInv} for
                  | 527 gold pieces
 27653 | Lair:6   | Bought the ring "Ifadam" {rElec rN+} for 476 gold pieces
 27662 | Lair:6   | Identified a scroll of acquirement
 27662 | Lair:6   | Acquired a +0 pair of boots of flying
 28546 | Lair:6   | Reached XP level 14. HP: 90/124 MP: 9/25
 29261 | Lair:6   | Slain by a komodo dragon

Illustrated notes

Levels and vault maps discovered:
D:1:      lemuel_arrival_cross, layout_basic, serial_rivers,
          chequers_serial_rivers_micro_c, chequers_serial_rivers_small_b,
          chequers_serial_rivers_micro_e, chequers_serial_rivers_small_b,
          minmay_quantized
D:2:      layout_basic
D:3:      layout_loops_ring, serial_glass, glass_columns_b, glass_columns_a,
          uniq_natasha, uniq_jessica, uniq_sigmund
D:4:      layout_rooms, minmay_temple_entry_junction, serial_shops, shop,
          chequers_serial_rivers_micro_b, kennysheep_generic_room_12,
          uniq_edmund
D:5:      layout_gridville, lemuel_doored_altar, uniq_duvessa
D:6:      minmay_bubble_buster, layout_loops_ring, serial_shops,
          kennysheep_mini, uniq_prince_ribbit1
D:7:      layout_rooms, gammafunk_ghost_split, minmay_between
D:8:      layout_cave_pools, grunt_temple_overflow_open, serial_gnoll_camp,
          gnoll_camp_medium_01, gnoll_camp_huts_moat, gnoll_camp_mini_hut,
          gnoll_camp_mini_hut, kb_xom_exploding_sheep
D:9:      layout_basic, cheibrodos_ashenzari_chains
D:10:     layout_loops_ring, uniq_erica
D:11:     layout_basic, david_lair_shrubbed, enter_trove_3, uniq_urug,
          uniq_nergalle
Temple:   nicolae_temple_elliptical
Lair:1:   layout_chaotic_city, grunt_megastairs_3, serial_bayou_shore_a
Lair:2:   layout_roguey, elwin_shoals_entry_rooms, cheibrodos_lair_lostbears,
          grunt_megastairs_4
Lair:3:   layout_regular_city, grunt_megastairs_5
Lair:4:   beast_lair_carwin_large_3, layout_loops_ring,
          spider_nest_entry_web_field
Lair:5:   layout_concentric_octagons, ebering_ghost_funeral_grove,
          infiniplex_staircase_pool
Lair:6:   minmay_lair_end_enchanted_forest, layout_loops_ring,
          nicolae_slime_entry_slimehenge, serial_bayou_shore_b,
          grunt_megastairs_2, lemuel_fruit_tree

Skill      XL: |  1  2  3  4  5  6  7  8  9 10 11 12 13 |
---------------+----------------------------------------+-----
Fighting       | 1 2 3 4 5 6 7 9 10 11 | 11.6
Spellcasting   | 2 3 4 5 6 7 |  7.8
Earth Magic    | 4 5 6 7 8 10 11 12 13 | 13.9
Conjurations   | 2 3 4 5 7 9 10 12 13 | 13.4
Dodging        | |  1.5
Stealth        | |  1.5
Transmutations | |  0.6

Action                   |  1- 3 |  4- 6 |  7- 9 | 10-12 | 13-15 || total
-------------------------+-------+-------+-------+-------+-------++-------
Melee: Club              |    96 |    12 |    17 |       |       ||   125
       Unarmed           |     4 |       |       |       |       ||     4
       Dagger            |       |       |   112 |    41 |       ||   153
       Long sword        |       |       |       |    11 |    19 ||    30
 Cast: Sandblast         |    39 |    71 |   143 |   463 |   227 ||   943
       Stone Arrow       |       |       |    62 |    45 |   110 ||   217
Invok: Call Merchant     |       |       |       |     1 |     1 ||     2
Evoke: Wand              |       |       |       |       |     1 ||     1
  Use: Potion            |       |     1 |     1 |     3 |     2 ||     7
       Scroll            |       |     8 |     8 |    15 |     6 ||    37
 Stab: Sleeping          |     1 |       |       |       |       ||     1
       Distracted        |       |       |     1 |       |       ||     1
Armor: Robe              |    39 |    12 |   106 |   113 |   101 ||   371
       Skin              |       |       |     5 |       |       ||     5
Dodge: Dodged            |   105 |    26 |   179 |   181 |   137 ||   628
Block: Buckler           |       |       |       |    25 |    30 ||    55
       Rpst.: Long sword |       |       |       |    11 |    38 ||    49

Table legend:
 A = Non-vault XP
 B = Vault XP
 C = Vault XP percentage of total XP
 D = Non-vault monster count
 E = Vault monster count
 F = Vault count percentage of total count
                 A         B        C        D         E       F
            +---------+---------+-------+---------+---------+-------
      Total |   37327 |   19567 |  34.4 |     355 |     134 |  27.4
            +---------+---------+-------+---------+---------+-------
        D:1 |      40 |       6 |  13.0 |      22 |       4 |  15.4
        D:2 |      40 |       0 |   0.0 |      22 |       0 |   0.0
        D:3 |     315 |     301 |  48.9 |      29 |       3 |   9.4
        D:4 |     450 |     169 |  27.3 |      17 |       1 |   5.6
        D:5 |     678 |     230 |  25.3 |      27 |       2 |   6.9
        D:6 |    2123 |     743 |  25.9 |      47 |       7 |  13.0
        D:7 |     570 |    1047 |  64.7 |      20 |       6 |  23.1
        D:8 |    2361 |     834 |  26.1 |      19 |      34 |  64.2
        D:9 |    1235 |       0 |   0.0 |      18 |       0 |   0.0
       D:10 |    1477 |     902 |  37.9 |      14 |       1 |   6.7
       D:11 |    4760 |    1982 |  29.4 |      29 |       3 |   9.4
     Temple |      75 |       0 |   0.0 |       2 |       0 |   0.0
     Lair:1 |    2044 |     153 |   7.0 |       8 |       1 |  11.1
     Lair:2 |    3938 |    1697 |  30.1 |      20 |       6 |  23.1
     Lair:3 |    5795 |     744 |  11.4 |      26 |       4 |  13.3
     Lair:4 |    3516 |    2718 |  43.6 |      12 |      10 |  45.5
     Lair:5 |    2269 |     491 |  17.8 |       6 |       4 |  40.0
     Lair:6 |    5641 |    7550 |  57.2 |      17 |      48 |  73.8
            +---------+---------+-------+---------+---------+-------
